 Dungeon Crawl Stone Soup version 0.20.1-1-g8b1a95d (webtiles) character file.

103165 Softman25 the Champion of Chaos (level 15, -21/144 HPs)
             Began as a Deep Dwarf Fighter on Sept 26, 2017.
             Was the Champion of Makhleb.
             Killed from afar by a frost giant (49 damage)
             ... with a bolt of cold
             ... on level 13 of the Dungeon.
             The game lasted 01:05:28 (16945 turns).

Softman25 the Champion of Chaos (DDFi)             Turns: 16945, Time: 01:05:28

Health: -21/144    AC: 27    Str: 30    XL:     15   Next: 88%
Magic:  17/17      EV: 14    Int:  9    God:    Makhleb [******]
Gold:   2429       SH: 12    Dex: 17    Spells: 13/14 levels left

rFire    + . .     SeeInvis .   H - +1 war axe (distort)
rCold    . . .     Gourm    .   c - +0 shield
rNeg     + . .     Faith    .   I - +3 storm dragon scales
rPois    +         Spirit   .   n - +0 helmet
rElec    +         Reflect  .   a - +2 cloak {rF+}
rCorr    .         Harm     .   z - +0 pair of gloves
MR       ++...                  (no boots)
Stlth    ..........             O - amulet of Exhibitionism {*Drain +Rage Str+7}
Regen    0.0/turn               d - +2 ring of strength
MPRegen  0.2/turn               E - ring of poison resistance

@: non-regenerating
A: damage resistance, heal wounds, negative energy resistance 1, sense
surroundings 2, no regeneration
a: Heal Wounds, Minor Destruction, Lesser Servant of Makhleb, Major Destruction,
Greater Servant of Makhleb, Renounce Religion, Evoke Berserk Rage


You were on level 13 of the Dungeon.
You worshipped Makhleb.
Makhleb was exalted by your worship.
You were hungry.

You visited 3 branches of the dungeon, and saw 21 of its levels.
You also visited: Volcano.

You collected 2444 gold pieces.
You spent 15 gold pieces at shops.

Inventory:

Hand Weapons
 H - a +1 war axe of distortion (weapon)
 Y - a +2 broad axe of flaming
Armour
 a - a +2 cloak of fire resistance (worn)
 c - a +0 shield (worn)
 e - a cursed +0 large shield
 n - a +0 helmet (worn)
 z - a +0 pair of gloves (worn)
 I - +3 storm dragon scales (worn)
Jewellery
 d - a +2 ring of strength (left hand)
 E - a ring of poison resistance (right hand)
 O - the amulet of Exhibitionism (around neck) {*Drain +Rage Str+7}
   (You acquired it on level 11 of the Dungeon)

   [amulet of rage]

   It affects your strength (+7).
   It lets you go berserk.
   It causes draining when unequipped.
 T - an uncursed ring of resist corrosion
 V - an uncursed ring of positive energy
Wands
 i - a wand of acid (5/15)
 o - a wand of polymorph (7/24)
 S - a wand of digging (5/24)
Scrolls
 b - 2 scrolls of teleportation
 j - 4 scrolls of fog
 m - a scroll of remove curse {@r2}
 p - 3 scrolls of amnesia
 s - a scroll of fear
 v - a scroll of enchant armour
 w - a scroll of recharging
 y - a scroll of summoning
 P - a scroll of magic mapping
 W - 4 scrolls of identify {@r1}
Potions
 h - 10 potions of curing {@q1}
 k - 4 potions of brilliance
 q - 5 potions of flight
 t - 8 potions of heal wounds
 u - a potion of mutation
 B - 3 potions of agility
 D - 4 potions of might
 M - a potion of cancellation
 N - 3 potions of haste
 U - a potion of magic
 X - 2 potions of resistance
Miscellaneous
 L - a fan of gales
 R - 2 boxes of beasts
Comestibles
 f - 12 bread rations
 g - 27 fruits
 l - 25 royal jellies
 r - 12 meat rations


   Skills:
 + Level 12.0 Fighting
 - Level 13.0 Axes
 - Level 16.1 Armour
 - Level 9.4 Dodging
 + Level 8.1 Shields
 * Level 17.2 Invocations


You had 13 spell levels left.
You knew the following spells:

 Your Spells              Type           Power        Failure   Level  Hunger
a - Corona                Hex            #......      97%         1    ##.....


Dungeon Overview and Level Annotations

Branches:
Dungeon (13/15)            Temple (0/1) D:7            Lair (6/6) D:8
 Shoals (0/4) Lair:2        Snake (0/4) Lair:3        Slime (0/5) Lair:6
    Orc (2/2) D:10            Elf (0/3) Orc:2
 Vaults: D:13-14

Altars:
Ashenzari
Dithmenos
Elyvilon
Fedhas
Gozag
Makhleb
Qazlal
Xom
Yredelemnul
Zin
The Shining One
Jiyva

Shops:
D:8 (   Orc:2 (:!!

Portals:
Pandemonium: Orc:2
Trove: D:12 (give +7 demon blade)

Annotations:
Lair:5 exclusion: 2 oklob plants
Abyss:1 Rupert; Snorg


Innate Abilities, Weirdness & Mutations

You are resistant to damage.
You can heal yourself by infusing magical energy.
You resist negative energy. (rN+)
You passively map the area around you.
You do not regenerate.


Message History

You swing at nothing.
You block the yak's attack.
You closely miss the yak.
The yak is lightly wounded.
The frost giant casts a spell at you. The bolt of cold hits you!
* * * LOW HITPOINT WARNING * * *
The yak gores you but does no damage.
You slash the yak!
Space bends around the yak.
The yak is heavily wounded.
The yak gores you but does no damage.
You closely miss the yak.
The yak is heavily wounded.
You block the yak's attack.
You slash the yak!
The yak is almost dead.
You hit the frost giant.
Space bends around the frost giant.
The yak blinks!
The frost giant casts a spell at you. The bolt of cold hits you!
You die...

* , , ,....... * ,## ,,
, ###.... , #..##, ,,
...#... ,
......#############.##..
,,*,
....#...........#.###. *
, , ,
*#.'...........#..... ,
, #...........#.....
,#C..#####.†.###### , ,*
,#@..# #.†....... * * *
#§..# #......... * * * ,
,#...# #......... *** ,
, #...# #########. , ,
....# #. * .....# #. , ,
,....Y$# #. , ,
*...##### * * #. * ,, ,
,,..


You could see a frost giant and a yak.

Vanquished Creatures
  A centaur warrior (Volcano)
  3 death yaks (Lair:2)
  A two-headed ogre (D:9)
  4 orc high priests (Orc:2)
  An unseen horror (D:10)
  A skeletal warrior (D:11)
  2 infernal demonspawn (Orc:2)
  A torturous demonspawn (Orc:2)
  A deep elf archer (D:9)
  Pikel (D:7)
  4 orc knights
  4 orc sorcerers (Orc:2)
  A manticore (Lair:6)
  2 deep elf magi
  2 cyclopes
  An ugly thing (D:12)
  4 black mambas
  11 elephants
  A rust devil (Orc:2)
  An orange demon (Orc:2)
  9 spiny frogs
  A kobold demonologist (D:9)
  7 komodo dragons
  3 rime drakes
  2 yaktaurs (Volcano)
  3 polar bears
  5 hornets
  Prince Ribbit (D:8)
  A wind drake (Lair:6)
  6 blink frogs
  4 dream sheep (Lair:4)
  5 hippogriffs
  Sigmund (D:3)
  A shadow (D:12)
  27 yaks
  A wraith (D:10)
  4 wyverns
  Eustachio (D:6)
  A steam dragon (D:12)
  3 basilisks
  A warg (Orc:1)
  Menkaure (D:7)
  A naga (Lair:3)
  A hell hound (D:8)
  2 insubstantial wisps (D:12)
  8 porcupines
  17 water moccasins
  22 orc warriors
  A slave (D:7)
  2 ice beasts (D:11)
  A phantom (D:9)
  5 sky beasts
  11 ogres
  4 black bears
  A necrophage (D:11)
  11 centaurs
  34 wolves
  10 crocodiles
  A big kobold (D:7)
  17 bullfrogs
  4 scorpions
  14 killer bees
  7 wights
  7 howler monkeys
  An electric eel (Lair:3)
  A crimson imp (D:11)
  2 centaur zombies
  A quasit (D:13)
  4 hounds
  3 bullfrog zombies
  7 jellies
  9 orc wizards
  A bullfrog skeleton (D:9)
  21 orc priests
  2 centaur skeletons
  2 iguanas
  9 worker ants
  A bullfrog simulacrum (D:9)
  2 hound zombies
  A hound skeleton (D:7)
  3 worker ant zombies
  Robin (D:3)
  A gnoll (D:1)
  A howler monkey skeleton (D:5)
  10 adders
  A shadow imp (D:8)
  4 oozes (D:9)
  2 worms
  An adder skeleton (D:9)
  2 dart slugs
  8 leopard geckos
  63 orcs
  8 bats
  10 giant cockroaches
  10 goblins
  10 hobgoblins
  7 jackals
  12 kobolds
  3 quokkas
  3 frilled lizards
  2 leopard gecko skeletons
  4 rats
  A spectral orc (D:6)
  A bush (D:12)
  A fungus (Lair:1)
  3 plants
555 creatures vanquished.

Vanquished Creatures (collateral kills)
  A red draconian (Volcano)
  Josephine (D:10)
  Erica (D:8)
  An orc high priest (Orc:2)
  Nergalle (Lair:1)
  A skeletal warrior (D:11)
  An orc knight (Orc:2)
  An orc sorcerer (Orc:2)
  Maurice (D:8)
  Psyche (D:11)
  An elephant (Lair:6)
  A spiny frog (Lair:6)
  2 trolls (D:9)
  A hippogriff (D:8)
  2 wraiths (D:10)
  3 yaks
  A water moccasin (D:11)
  A hell hound (D:8)
  5 orc warriors
  An ice beast (D:8)
  5 ogres
  A centaur (D:8)
  4 wolves (Lair:4)
  A crocodile (Lair:1)
  2 wights
  A howler monkey (D:11)
  A crimson imp (D:9)
  2 orc priests (Orc:2)
  An orc wizard (D:9)
  A centaur skeleton (D:10)
  An ooze (D:9)
  An adder zombie (D:8)
  3 orcs
52 creatures vanquished.

Vanquished Creatures (others)
  The ghost of PrincessPwny the Grappler, a journeyman TrBe of Trog (D:11)
  A hydra (Lair:1)
  A catoblepas (Lair:6)
  A merfolk avatar (Lair:6)
  A death yak (Lair:2)
  An orc high priest (Orc:2)
  A sixfirhy (Orc:2)
  A skeletal warrior (D:11)
  A sea snake (Lair:6)
  A cyclops (Orc:2)
  A manticore (Lair:6)
  5 elephants
  2 spiny frogs (Lair:6)
  A komodo dragon (Lair:5)
  A hellwing (Orc:2)
  A dream sheep (Lair:4)
  3 hippogriffs
  12 yaks
  A warg (Orc:2)
  A water moccasin (Lair:4)
  5 orc warriors
  2 slaves (D:7)
  An ogre (Orc:1)
  5 wolves
  A centaur (Volcano)
  2 crocodiles (Lair:1)
  A wyvern zombie (D:13)
  A killer bee (D:11)
  A bullfrog zombie (D:11)
  3 orc priests (Orc:2)
  2 orcs (Orc:2)
  13 bushes (D:12)
  7 fungi
  34 plants
116 creatures vanquished.

Grand Total: 723 creatures vanquished

Notes
Turn   | Place    | Note
-------+----------+-------------------------------------------
     0 | D:1      | Softman25 the Deep Dwarf Fighter began the quest for the Orb.
     0 | D:1      | Reached XP level 1. HP: 20/20 MP: 1/1
   147 | D:1      | Reached XP level 2. HP: 27/27 MP: 2/2
   262 | D:1      | Reached XP level 3. HP: 23/34 MP: 3/3
   687 | D:2      | Found a stormy altar of Qazlal.
   688 | D:2      | Found a blossoming altar of Fedhas.
   796 | D:2      | Found a burning altar of Makhleb.
   799 | D:2      | Found a shimmering altar of Xom.
   801 | D:2      | Found an opulent altar of Gozag.
   802 | D:2      | Found a shattered altar of Ashenzari.
   806 | D:2      | Became a worshipper of Makhleb the Destroyer
   839 | D:2      | Reached XP level 4. HP: 33/42 MP: 4/4
  1297 | D:3      | Noticed Sigmund
  1313 | D:3      | Killed Sigmund
  1313 | D:3      | Reached skill level 2 in Invocations
  1313 | D:3      | Reached XP level 5. HP: 36/50 MP: 4/6
  1355 | D:3      | Noticed Robin
  1369 | D:3      | Killed Robin
  1476 | D:3      | Reached XP level 6. HP: 53/57 MP: 7/7
  1579 | D:3      | Reached * piety under Makhleb
  2140 | D:4      | Found a glowing drain.
  2155 | D:4      | Reached skill level 5 in Axes
  2158 | D:4      | Reached skill level 3 in Invocations
  2227 | D:4      | Found a glowing silver altar of Zin.
  2228 | D:4      | Found a glowing golden altar of the Shining One.
  2230 | D:4      | Found a white marble altar of Elyvilon.
  2299 | D:4      | Got a polished leather armour
  2313 | D:4      | Identified the +3 leather armour of Jeethryu {Dex+3} (You found it on level 4 of the Dungeon)
  2561 | D:4      | Reached skill level 5 in Shields
  2611 | D:5      | Entered Level 5 of the Dungeon
  2651 | D:5      | Reached XP level 7. HP: 64/64 MP: 9/9
  2995 | D:5      | Reached skill level 4 in Invocations
  3365 | D:6      | Noticed Eustachio
  3395 | D:6      | Killed Eustachio
  3395 | D:6      | Reached ** piety under Makhleb
  3573 | D:6      | Found a basalt altar of Yredelemnul.
  3766 | D:6      | Reached skill level 5 in Invocations
  3766 | D:6      | Reached XP level 8. HP: 48/73 MP: 10/10
  4216 | D:7      | Reached skill level 5 in Fighting
  4239 | D:7      | Found a shadowy altar of Dithmenos.
  4493 | D:7      | Noticed Menkaure
  4497 | D:7      | Killed Menkaure
  4497 | D:7      | Reached skill level 6 in Invocations
  4512 | D:7      | Noticed Pikel
  4521 | D:7      | Killed Pikel
  4521 | D:7      | Gained mutation: You passively map the area around you. [Deep Dwarf growth]
  4521 | D:7      | Reached XP level 9. HP: 79/81 MP: 12/12
  4553 | D:7      | Reached *** piety under Makhleb
  4553 | D:7      | Reached skill level 7 in Invocations
  4586 | D:7      | Found a staircase to the Ecumenical Temple.
  4612 | D:7      | Learned a level 1 spell: Corona
  4865 | D:8      | Noticed Maurice
  5062 | D:8      | Found a staircase to the Lair.
  5188 | D:8      | Found Ythi Ryc's Weapon Boutique.
  5193 | D:8      | Noticed Prince Ribbit
  5204 | D:8      | Killed Prince Ribbit
  5430 | D:8      | Noticed Erica
  5484 | D:8      | Killed Erica
  5484 | D:8      | Reached skill level 10 in Axes
  5484 | D:8      | Reached skill level 8 in Invocations
  5599 | D:8      | Killed Maurice
  5599 | D:8      | Reached XP level 10. HP: 49/92 MP: 14/14
  5991 | D:9      | Reached skill level 1 in Dodging
  6155 | D:9      | Noticed an orc knight
  6173 | D:9      | Killed an orc knight
  6173 | D:9      | Reached skill level 9 in Invocations
  6359 | D:9      | Noticed a deep elf archer
  6531 | D:9      | Reached skill level 5 in Armour
  6635 | D:9      | Noticed a two-headed ogre
  6641 | D:9      | Killed a two-headed ogre
  6821 | D:9      | Killed a deep elf archer
  6950 | D:10     | Entered Level 10 of the Dungeon
  7008 | D:10     | Found a staircase to the Orcish Mines.
  7044 | D:10     | Reached skill level 10 in Invocations
  7083 | D:10     | Killed an unseen horror
  7083 | D:10     | Reached XP level 11. HP: 79/100 MP: 16/16
  7389 | D:10     | Noticed Josephine
  7401 | D:10     | Killed Josephine
  7401 | D:10     | Reached skill level 5 in Dodging
  7697 | D:11     | Reached **** piety under Makhleb
  7729 | D:11     | Noticed a skeletal warrior
  7817 | Lair:1   | Entered Level 1 of the Lair of Beasts
  7844 | Lair:1   | Noticed Nergalle
  7898 | Lair:1   | Identified Orozxo's Papyrus of Moulding
  8299 | Lair:1   | Noticed a six-headed hydra
  8312 | Lair:1   | Banished a nine-headed hydra
  8643 | Lair:1   | Noticed a spectral orc warlord
  8644 | Lair:1   | Killed Nergalle
  8644 | Lair:1   | Reached skill level 11 in Invocations
  8726 | Lair:2   | Found a staircase to the Shoals.
  9092 | Lair:2   | Noticed a death yak
  9093 | Lair:2   | Noticed a death yak
  9094 | Lair:2   | Noticed a death yak
  9115 | Lair:2   | Noticed a death yak
  9116 | Lair:2   | Banished a death yak
  9117 | Lair:2   | Noticed a death yak
  9124 | Lair:2   | Killed a death yak
  9141 | Lair:2   | Killed a death yak
  9141 | Lair:2   | Reached skill level 10 in Armour
  9167 | Lair:2   | Banished a death yak
  9197 | Lair:2   | Killed a death yak
  9197 | Lair:2   | Reached XP level 12. HP: 92/112 MP: 17/17
  9378 | Lair:2   | Reached skill level 12 in Invocations
  9621 | Lair:3   | Got a scorched ring mail
  9632 | Lair:3   | Identified the cursed +1 ring mail "Qeniw" {rElec rC- Dex+5 Stlth+} (You found it on level 3 of the Lair of Beasts)
  9672 | Lair:3   | Found a staircase to the Snake Pit.
 10578 | Lair:4   | Reached ***** piety under Makhleb
 10646 | Lair:4   | Reached skill level 13 in Invocations
 11296 | Lair:5   | Found a dark tunnel.
 11312 | Volcano  | Entered a volcano
 11407 | Volcano  | Noticed a centaur warrior
 11473 | Volcano  | Noticed a red draconian
 11489 | Volcano  | Killed a centaur warrior
 11489 | Volcano  | Reached skill level 10 in Fighting
 11489 | Volcano  | Reached XP level 13. HP: 50/123 MP: 18/20
 11491 | Volcano  | Killed a red draconian
 11915 | Lair:5   | Noticed Rupert
 11944 | Lair:5   | Paralysed by Rupert for 2 turns
 11951 | Lair:5   | Banished Rupert
 12260 | Lair:6   | Entered Level 6 of the Lair of Beasts
 12368 | Lair:6   | Reached skill level 14 in Invocations
 12914 | Lair:6   | HP: 4/126 [drowned by a drowned soul[a merfolk avatar] (7)]
 12927 | Lair:6   | HP: 4/126 [drowned by a drowned soul[a merfolk avatar] (12)]
 12942 | Lair:6   | Identified the Disquisition on Flying Fire
 13126 | Lair:6   | Found a viscous altar of Jiyva.
 13128 | Lair:6   | Found a staircase to the Slime Pits.
 13215 | Lair:6   | Gained mutation: You resist negative energy. (rN+) [Deep Dwarf growth]
 13215 | Lair:6   | Reached XP level 14. HP: 135/135 MP: 21/21
 13226 | Lair:6   | Reached skill level 15 in Armour
 13608 | Orc:1    | Entered Level 1 of the Orcish Mines
 13724 | Orc:2    | Entered Level 2 of the Orcish Mines
 13859 | Orc:2    | Found Ecwaph's Distillery.
 13904 | Orc:1    | Reached skill level 15 in Invocations
 14039 | Orc:2    | Found Punappih's Distillery.
 14102 | Orc:2    | Bought a potion of degeneration for 15 gold pieces
 14355 | Orc:2    | Found Xoiskun's Book Emporium.
 14355 | Orc:2    | Found a one-way gate leading to the halls of Pandemonium.
 14355 | Orc:2    | Found Itauxyowou's Antique Weapon Shoppe.
 14680 | Orc:2    | Found a staircase to the Elven Halls.
 14725 | Orc:2    | Noticed an orc warlord
 14727 | Orc:2    | Noticed a balrug
 15059 | D:11     | Noticed Psyche
 15113 | D:11     | Killed Psyche
 15124 | D:11     | Noticed PrincessPwny's ghost (journeyman TrBe)
 15294 | D:11     | Noticed Snorg
 15306 | D:11     | Banished Snorg
 15682 | D:11     | Identified a scroll of acquirement
 15683 | D:11     | Got a clouded diamond amulet
 15690 | D:11     | Identified the amulet of Exhibitionism {*Drain +Rage Str+7} (You acquired it on level 11 of the Dungeon)
 15778 | D:11     | Banished PrincessPwny's ghost
 16145 | D:12     | Reached ****** piety under Makhleb
 16312 | D:12     | Reached skill level 16 in Invocations
 16465 | D:12     | Reached skill level 17 in Invocations
 16465 | D:12     | Reached XP level 15. HP: 144/144 MP: 17/17
 16589 | D:12     | Found a portal to a secret trove of treasure.
 16848 | D:13     | Noticed a frost giant
 16945 | D:13     | Killed from afar by a frost giant

Skill      XL: |  1  2  3  4  5  6  7  8  9 10 11 12 13 14 15 |
---------------+----------------------------------------------+-----
Axes           | 3 4 5 6 8 10 12 13 | 13.0
Fighting       | 3 4 5 6 7 8 10 11 12 | 12.0
Shields        | 4 5 6 7 8 |  8.1
Invocations    | 2 3 5 6 8 10 11 13 14 17 | 17.2
Dodging        | 4 7 9 |  9.4
Armour         | 7 10 12 14 16 | 16.1

Action                   |  1- 3 |  4- 6 |  7- 9 | 10-12 | 13-15 || total
-------------------------+-------+-------+-------+-------+-------++-------
Melee: War axe           |   125 |   164 |   326 |   726 |  1128 ||  2469
       Battleaxe         |       |       |       |    27 |       ||    27
Invok: Lesser Servant of |       |       |     4 |    14 |    13 ||    31
       Greater Servant o |       |       |       |       |     2 ||     2
 Abil: Heal Wounds       |     1 |     2 |    15 |    10 |    25 ||    53
Evoke: Wand              |       |       |     1 |       |       ||     1
  Use: Potion            |       |     1 |     2 |       |     1 ||     4
       Scroll            |       |     9 |     8 |    12 |    10 ||    39
 Stab: Sleeping          |       |     1 |       |       |       ||     1
       Distracted        |       |       |     2 |     3 |     5 ||    10
       Invisible         |       |       |       |       |     5 ||     5
  Eat: Chunk             |       |     6 |    10 |    20 |    18 ||    54
       Fruit             |       |       |       |       |     3 ||     3
Armor: Scale mail        |    34 |       |    76 |    35 |       ||   145
       Chain mail        |    21 |    75 |       |       |       ||    96
       Leather armour    |       |     8 |    19 |       |       ||    27
       Storm dragon scal |       |       |       |   304 |   434 ||   738
Dodge: Dodged            |    35 |    36 |    96 |   292 |   420 ||   879
Block: Shield            |    64 |    82 |   194 |   432 |   564 ||  1336
